 Dungeon Crawl Stone Soup version 0.30-a0-170-g85af917532 (webtiles) character file.

Game seed: 15179526680669744076

117 IdlyInterested the Trooper (level 4, -2/37 HPs)
             Began as a Demonspawn Gladiator on Sept 30, 2022.
             Slain by an orc priest
             ... wielding a +0 flail
              (3 damage)
             ... on level 3 of the Dungeon.
             The game lasted 00:07:14 (2051 turns).

IdlyInterested the Trooper (Demonspawn Gladiator)   Turns: 2051, Time: 00:07:15

Health: -2/37      AC:  7    Str: 15    XL:     4   Next: 71%
Magic:  4/4        EV:  7    Int: 11    God:
Gold:   108        SH:  0    Dex: 14    Spells: 3/3 levels left

rFire   . . .      SeeInvis .    a - +0 long sword
rCold   . . .      Faith    .    (no shield)
rNeg    . . .      Spirit   .    h - +0 scale mail
rPois   .          Reflect  .    c - +0 helmet
rElec   .          Harm     .    (no cloak)
rCorr   .          Rampage  .    (no gloves)
Will    .....                    (no boots)
Stlth   ..........               (no amulet)
HPRegen 0.12/turn                (no ring)
MPRegen 0.09/turn                (no ring)

@: constricted
A: hooves 1, foul stench 1
a: no special abilities


You were on level 3 of the Dungeon.
You visited 1 branch of the dungeon, and saw 3 of its levels.

You collected 108 gold pieces.

Inventory:

Hand Weapons
 a - a +0 long sword (weapon)
 g - a +0 short sword
 i - a +0 dagger
Missiles
 d - 4 throwing nets
 e - a javelin
 k - 3 poisoned darts (quivered)
Armour
 b - a +0 leather armour
 c - a +0 helmet (worn)
 h - a +0 scale mail (worn)
 j - a +0 chain mail
 l - a +0 ring mail
Magical Staves
 m - a staff of cold
Scrolls
 f - a scroll of teleportation {unknown}
 n - a scroll of amnesia {unknown}
 o - a scroll of enchant weapon {unknown}


   Skills:
 * Level 4.3 Fighting
 - Level 3.0 Long Blades
 - Level 2.0 Throwing
 + Level 0.7 Armour
 - Level 3.0 Dodging


You had 3 spell levels left.
You didn't know any spells.
Your spell library was empty.

Dungeon Overview and Level Annotations

Branches:
Dungeon (3/15)

Altars:

Shops:
D:2 [


Innate Abilities, Weirdness & Mutations

You have large cloven feet.
You may rarely emit foul miasma when damaged in melee.


Message History

The orc hits you but does no damage.
The orc wizard is engulfed in dark miasma.
The orc wizard looks even sicker.
The orc wizard gestures at you while chanting.
The puff of flame hits you! The ball python bites you.
The ball python constricts you.
You barely miss the orc priest. Your kick misses the orc priest.
The bat hits you but does no damage.
The orc priest hits you with a +0 flail!
* * * LOW HITPOINT WARNING * * *
The orc hits you but does no damage.
The orc wizard is engulfed in dark miasma.
The orc wizard looks even sicker.
The orc wizard completely misses you.
The ball python bites you but does no damage.
The ball python constricts you.
* * * LOW HITPOINT WARNING * * *
The orc hits you with a +0 mace.
* * * LOW HITPOINT WARNING * * *
The orc priest hits you with a +0 flail.
* * * LOW HITPOINT WARNING * * *
The orc wizard is engulfed in dark miasma.
The orc wizard looks as sick as possible!
The orc wizard seems to slow down.
You kill the orc wizard!
You aren't carrying any potions.
You closely miss the orc priest. The bat hits you but does no damage.
The ball python bites you.
* * * LOW HITPOINT WARNING * * *
The ball python constricts you.
The orc priest begins to cast a cantrip, but forgets the words!
The ball python barely misses you. The ball python constricts you.
The orc hits you with a +0 mace.
* * * LOW HITPOINT WARNING * * *
You hit the orc priest. You kick the orc priest.
The orc priest is heavily wounded.
The bat hits you.
* * * LOW HITPOINT WARNING * * *
The ball python barely misses you. The ball python constricts you.
The orc priest hits you with a +0 flail.
You die...

|. ... .. #.## ... ..
#. #..####.###.# #.. #
#..........##...# ..
#..........#..#.# ...
#......[.....#..# ....
#........b.#.....
.....##........Sor.....
...............@°.....#
###...#.........o.!....
#...........###.......
#......<............##
#.................[...
....##.................
.... #.................
... ..............##..
.. ........#...


You could see an orc priest, an orc, a bat, a ball python and a rat.

Vanquished Creatures
  An orc wizard (D:3)
  6 adders (D:2)
  A dart slug (D:1)
  2 bats
  4 endoplasms
  3 giant cockroaches
  4 goblins
  3 hobgoblins
  2 jackals (D:1)
  2 quokkas (D:2)
  4 ball pythons
  2 frilled lizards
  3 rats
37 creatures vanquished.

Notes
Turn   | Place    | Note
-------+----------+-------------------------------------------
     0 | D:1      | IdlyInterested the Demonspawn Gladiator began the quest for
                  | the Orb.
     0 | D:1      | Reached XP level 1. HP: 16/16 MP: 1/1
   152 | D:1      | Noticed a shining eye
   155 | D:1      | Found a faded altar of an unknown god.
   170 | D:1      | Gained mutation: You may rarely emit foul miasma when
                  | damaged in melee. [demonic ancestry]
   170 | D:1      | Reached XP level 2. HP: 23/23 MP: 2/2
   170 | D:1      | Noticed a shining eye
   174 | D:1      | Noticed a great orb of eyes
   174 | D:1      | Noticed a golden eye
  1028 | D:2      | Reached skill level 3 in Fighting
  1143 | D:2      | Reached XP level 3. HP: 27/29 MP: 3/3
  1491 | D:2      | Found Vudojez's Armour Emporium.
  1633 | D:2      | Gained mutation: You have large cloven feet. [demonic
                  | ancestry]
  1633 | D:2      | Reached XP level 4. HP: 37/37 MP: 4/4
  1781 | D:2      | Reached skill level 4 in Fighting
  2050 | D:3      | HP: 1/37 [orc/+0 mace (1)]
  2051 | D:3      | Slain by an orc priest

Illustrated notes

Levels and vault maps discovered:
D:1:      lightli_molten_gateway, layout_loops_ring,
          hellmonk_ecumenical_altar_watching_god
D:2:      layout_loops_corners, serial_shops, shop, minmay_indecisive_spiral
D:3:      layout_rooms, mainiacjoe_overflow_large_starburst, vehumet_statue,
          ashenzari_conservatory_becter

Skill      XL: |  1  2  3  4 |
---------------+-------------+-----
Long Blades    | 3 |  3.0
Fighting       | 3 4 |  4.3
Dodging        | 3 |  3.0
Throwing       | 2 |  2.0
Armour         | |  0.7

Action                   |  1- 3 |  4- 6 || total
-------------------------+-------+-------++-------
Melee: Long sword        |    75 |    28 ||   103
       Punch             |     1 |       ||     1
       Kick              |       |     5 ||     5
  Use: Scroll            |     2 |       ||     2
Armor: Leather armour    |     6 |       ||     6
       Scale mail        |    35 |    22 ||    57
Dodge: Dodged            |    50 |    20 ||    70

Table legend: (Time is in decaauts)
 A = Elapsed time spent in this place.
 B = Non-inter-level travel time spent in this place.
 C = Inter-level travel time spent in this place.
 D = Time resting spent in this place.
 E = Time spent auto-exploring this place.
 F = Levels seen in this place.
 G = Mean time per level.
                   A        B        C        D        E       F      G
               +--------+--------+--------+--------+--------+-----+--------+
         Total |   2077 |   1859 |    218 |    231 |   1267 |   3 |  692.3 |
       Dungeon |   2077 |   1859 |    218 |    231 |   1267 |   3 |  692.3 |
               +--------+--------+--------+--------+--------+-----+--------+

Top non-repeatable levels by time:
     D:2: 1270 daAuts
     D:1: 786 daAuts
     D:3: 20 daAuts
